 Dungeon Crawl Stone Soup version 0.27.1-34-g3ba077fa99 (webtiles) character file.

Game seed: 2213199726818135952

408 comborobin the Covert (level 6, -1/36 HPs)
             Began as a Vampire Delver on Jan 6, 2022.
             Slain by a kobold brigand (6 damage)
             ... on level 5 of the Dungeon.
             The game lasted 00:06:11 (3298 turns).

comborobin the Covert (Vampire Delver)              Turns: 3298, Time: 00:06:11

Health: -1/36      AC:  6    Str:  7 (13) XL:     6   Next: 57%
Magic:  0/6        EV: 11    Int:  9 (14) God:
Gold:   34         SH:  4    Dex: 10 (16) Spells: 5/5 levels left

rFire    . . .     SeeInvis +   b - +0 dagger
rCold    + + +     Faith    .   (no shield)
rNeg     + + +     Spirit   +   j - +0 leather armour
rPois    ∞         Reflect  .   i - +1 helmet
rElec    .         Harm     .   (no cloak)
rCorr    .         Rampage  .   (no gloves)
Will     .....                  m - +0 pair of boots
Stlth    ++++++....             k - amulet of guardian spirit
HPRegen  0.00/turn              f - ring of protection from cold
MPRegen  0.10/turn              o - ring of flight

@: flying, bloodless, inhibited regen
A: bloodless, fangs 3, see invisible, vampiric 2, large bone plates 1, clever 1
a: Bat Form, Revivify


You were on level 5 of the Dungeon.
You visited 1 branch of the dungeon, and saw 4 of its levels.

You collected 34 gold pieces.

Inventory:

Hand Weapons
 a - a +0 short sword
 b - a +0 dagger (weapon)
 q - a +0 halberd
Armour
 i - a +1 helmet (worn)
 j - a +0 leather armour (worn)
 m - a +0 pair of boots (worn)
Jewellery
 f - a ring of protection from cold (left hand)
 k - an amulet of guardian spirit (around neck)
 o - a ring of flight (right hand)
Wands
 g - a wand of digging (3)
Scrolls
 c - a scroll of fog
 d - a scroll of magic mapping
 e - a scroll of fear
 h - 2 scrolls of identify
 p - a scroll of torment


   Skills:
 - Level 2.6 Fighting
 + Level 5.7 Short Blades
 - Level 2.1 Dodging
 + Level 10.4 Stealth


You had 5 spell levels left.
You didn't know any spells.
Your spell library was empty.

Dungeon Overview and Level Annotations

Branches:
Dungeon (6/15)
 Temple: D:4-7

Altars:


Innate Abilities, Weirdness & Mutations

You do not regenerate when monsters are visible.
You are frail without blood (-20% HP).
You can heal yourself when you bite living creatures.
You are immune to poison.
You have razor-sharp teeth.
You have supernaturally acute eyesight. (SInv)
You are afflicted with vampirism and can become a bat while bloodless.
You are partially covered in large bone plates. (SH +4)
Your mind is acute. (Int +2)


Message History

The kobold brigand hits you with a +0 dagger of draining.
You closely miss the kobold brigand. Your bite misses the kobold brigand.
The kobold brigand is moderately wounded.
You hit the kobold brigand but do no damage.
The kobold brigand is moderately wounded.
The kobold brigand hits you but does no damage.
You closely miss the kobold brigand.
The kobold brigand is moderately wounded.
The kobold brigand closely misses you.
You hit the kobold brigand.
The kobold brigand is moderately wounded.
You closely miss the kobold brigand.
The kobold brigand is moderately wounded.
The kobold brigand hits you with a +0 dagger of draining.
You closely miss the kobold brigand.
The kobold brigand is moderately wounded.
The kobold brigand hits you with a +0 dagger of draining.
You barely miss the kobold brigand.
The kobold brigand is moderately wounded.
The kobold brigand hits you with a +0 dagger of draining.
* * * LOW HITPOINT WARNING * * *
You barely miss the kobold brigand.
The kobold brigand is moderately wounded.
You hit the kobold brigand.
The kobold brigand is heavily wounded.
The kobold brigand hits you with a +0 dagger of draining.
* * * LOW HITPOINT WARNING * * *
You hit the kobold brigand but do no damage.
The kobold brigand is heavily wounded.
The kobold brigand barely misses you.
You hit the kobold brigand but do no damage.
The kobold brigand is heavily wounded.
You hit the kobold brigand.
The kobold brigand is heavily wounded.
The kobold brigand hits you with a +0 dagger of draining.
* * * LOW HITPOINT WARNING * * *
You barely miss the kobold brigand.
The kobold brigand is heavily wounded.
The kobold brigand hits you with a +0 dagger of draining!
You die...

#.....# ######## #######.###.#
#....... #.......# #.# #.######
######.####### #.# ###.# #....#.#
#.#######...###### #.##.#.#
#................# ...#.#.#
######......####.#
#..#.#.#########.K§§§§§.#### #.#
................@#§§§.§########.#
.................##§§§##)........
##.#.#.##########.#§§§####.####.#
##.#.#.# ###§§§# #.# #.# ...#.#.#
#§§§# #.# #.# .....#.# #§§§# #.#
#[# .......# #K§§# #.# #.#
......## #§§§# ### #)# #####.#
§§§§§. #.#


You could see a kobold brigand.

Vanquished Creatures
  A sky beast (D:5)
  2 hounds
  A jelly (D:5)
  3 iguanas
  Ijyb (D:5)
  2 orc wizards (D:5)
  A hound skeleton (D:4)
  3 gnolls (D:4)
  An adder (D:4)
  An ufetubus (D:5)
  A worm (D:4)
  2 orcs
  A ball python (D:4)
  2 endoplasms (D:4)
  A goblin (D:4)
  2 hobgoblins (D:4)
  A quokka (D:4)
26 creatures vanquished.

Notes
Turn   | Place    | Note
-------+----------+-------------------------------------------
     0 | D:5      | comborobin the Vampire Delver began the quest for the Orb.
     0 | D:5      | Reached XP level 1. HP: 17/17 MP: 1/1
     1 | D:6      | Noticed an iguana
     5 | D:6      | Killed an iguana
     6 | D:6      | Reached skill level 8 in Stealth
     6 | D:6      | Reached XP level 2. HP: 23/23 MP: 2/2
    32 | D:5      | Noticed Ijyb
    39 | D:5      | Killed Ijyb
    40 | D:5      | Gained mutation: You are afflicted with vampirism and can
                  | become a bat while bloodless. [Vampire growth]
    40 | D:5      | Reached XP level 3. HP: 28/28 MP: 3/3
    94 | D:5      | Reached XP level 4. HP: 23/34 MP: 4/4
   214 | D:5      | Noticed a sky beast
   281 | D:5      | Killed a sky beast
   282 | D:5      | Reached skill level 9 in Stealth
   282 | D:5      | Reached XP level 5. HP: 11/31 MP: 5/5
   691 | D:6      | Noticed a centaur
  1051 | D:5      | Reached skill level 5 in Short Blades
  1124 | D:5      | Reached XP level 6. HP: 16/36 MP: 4/6
  1575 | D:4      | Reached skill level 10 in Stealth
  2620 | D:4      | Gained mutation: Your mind is acute. (Int +2) [potion of
                  | mutation]
  2620 | D:4      | Gained mutation: You are partially covered in large bone
                  | plates. (SH +4) [potion of mutation]
  3253 | D:5      | Found a faded altar of an unknown god.
  3298 | D:5      | Slain by a kobold brigand

Illustrated notes

Levels and vault maps discovered:
D:3:      layout_rooms
D:4:      layout_loops_corners
D:5:      layout_basic, beargit_hepliaklqana_dungeon_heroes,
          mainiacjoe_overflow_concentric_impassable, uniq_ijyb
D:6:      layout_rooms, mainiacjoe_overflow_two_lobes, chequers_avenue

Skill      XL: |  1  2  3  4  5  6 |
---------------+-------------------+-----
Short Blades   | 3 4 5 |  5.7
Stealth        | 8 9 10 | 10.4
Fighting       | |  2.6
Dodging        | |  2.1

Action                   |  1- 3 |  4- 6 || total
-------------------------+-------+-------++-------
Melee: Short sword       |    18 |    25 ||    43
       Bite              |     2 |    10 ||    12
       Dagger            |     1 |   120 ||   121
 Abil: Bat Form          |       |     4 ||     4
       Exsanguinate      |       |     1 ||     1
       End Transformatio |       |     4 ||     4
Evoke: Wand              |       |    14 ||    14
  Use: Potion            |       |     3 ||     3
       Scroll            |       |     1 ||     1
 Stab: Sleeping          |     2 |    11 ||    13
Armor: Leather armour    |     3 |    18 ||    21
Dodge: Dodged            |    12 |    80 ||    92
Block: Other             |       |     2 ||     2
